 Dungeon Crawl Stone Soup version 0.20.0-10-g0535bb4 (webtiles) character file.

14044 skittles the Fighter (level 11, -4/99 HPs)
             Began as a Green Draconian Fire Elementalist on June 6, 2017.
             Was an Elder of Vehumet.
             Killed from afar by a fire dragon (5 damage)
             ... with a blast of flame
             ... on level 12 of the Dungeon.
             The game lasted 00:54:41 (17379 turns).

skittles the Fighter (DrFE)                        Turns: 17379, Time: 00:54:42

Health: -4/99      AC: 10    Str: 12    XL:     11   Next: 83%
Magic:  3/18       EV: 18    Int: 18    God:    Vehumet [****..]
Gold:   620        SH:  0    Dex: 15    Spells: 0/19 levels left

rFire    + + .     SeeInvis .   a - +7 great mace "Firestarter" {inner flame, rF++}
rCold    . . .     Gourm    .   (shield currently unavailable)
rNeg     . . .     Faith    .   (armour unavailable)
rPois    +         Spirit   .   g - +0 hat
rElec    .         Reflect  .   y - scarf {repulsion}
rCorr    .         Harm     .   q - +2 pair of gloves
MR       +....                  (no boots)
Stlth    ++........             (no amulet)
Regen    0.3/turn               (no ring)
MPRegen  0.2/turn               (no ring)

@: hasted, repel missiles, very quick
A: breathe noxious fumes, unfitting armour, agile 1, magic resistance 1, poison
resistance, strong 1, cold-blooded, AC +7
a: Breathe Noxious Fumes, Renounce Religion


You were on level 12 of the Dungeon.
You worshipped Vehumet.
Vehumet was greatly pleased with you.
You were hungry.

You visited 1 branch of the dungeon, and saw 12 of its levels.

You collected 620 gold pieces.

Inventory:

Hand Weapons
 a - the +7 great mace "Firestarter" (weapon) {inner flame, rF++}
   (You found it on level 12 of the Dungeon)

   It has been specially enchanted to burn those struck by it, causing extra
   injury to most foes and up to half again as much damage against particularly
   susceptible opponents.
   It greatly protects you from fire.
 m - the +1 trident "Popuompi" {flame, +Fly rF- MR+ Int+9}
   (You took it off an orc warrior on level 7 of the Dungeon)

   It has been specially enchanted to burn those struck by it, causing extra
   injury to most foes and up to half again as much damage against particularly
   susceptible opponents.
   It affects your intelligence (+9).
   It makes you vulnerable to fire.
   It affects your resistance to hostile enchantments.
   It lets you fly.
 D - the +5 quarterstaff of Puecs {chaos, MR+}
   (You took it off an orc on level 10 of the Dungeon)

   Each time it hits an enemy it has a different, random effect.
   It affects your resistance to hostile enchantments.
 I - a +2 whip of freezing
 R - the +9 whip "Miowidaf" {holy, +Fly Dex+4}
   (You found it on level 12 of the Dungeon)

   It has been blessed by the Shining One to cause great damage to the undead
   and demons.
   It affects your dexterity (+4).
   It lets you fly.
Armour
 g - a +0 hat (worn)
 q - a +2 pair of gloves (worn)
 y - a scarf of repulsion (worn)
Magical Staves
 b - an uncursed staff of fire
Jewellery
 S - a +3 ring of protection {unknown}
Wands
 i - a wand of flame (34/48)
 B - a wand of disintegration (7/24)
 J - a wand of lightning (0/15)
 K - a wand of iceblast (11/15)
Scrolls
 c - 5 scrolls of enchant weapon
 f - a scroll of brand weapon {unknown}
 o - 3 scrolls of recharging
 p - a scroll of torment {unknown}
 r - a scroll of fear {unknown}
 u - 6 scrolls of blinking
 v - 3 scrolls of magic mapping {unknown}
 w - 4 scrolls of teleportation
 x - a scroll of fog
 C - 5 scrolls of amnesia
 G - a scroll of vulnerability
Potions
 d - 4 potions of cancellation
 e - 3 potions of flight
 j - a potion of agility
 k - a potion of might
 n - a potion of magic
 s - a potion of mutation
 t - 2 potions of berserk rage
 L - a potion of brilliance
Books
 l - the Reference Book on Lucky Earth
   (You found it on level 12 of the Dungeon)

   Spells                             Type                      Level
   a - Sandblast                      Earth                        1
   b - Stone Arrow                    Conjuration/Earth            3
   c - Excruciating Wounds            Charms/Necromancy            5
   d - Bolt of Magma                  Conjuration/Fire/Earth       5
   e - Deflect Missiles               Charms/Air                   6
 A - a book of Flames

   Spells                             Type                      Level
   a - Flame Tongue                   Conjuration/Fire             1
   b - Throw Flame                    Conjuration/Fire             2
   c - Conjure Flame                  Conjuration/Fire             3
   d - Inner Flame                    Hexes/Fire                   3
   e - Sticky Flame                   Conjuration/Fire             4
   f - Fireball                       Conjuration/Fire             5
 E - a book of Misfortune

   Spells                             Type                      Level
   a - Confusing Touch                Hexes                        1
   b - Confuse                        Hexes                        3
   c - Gell's Gravitas                Translocation                3
   d - Petrify                        Transmutation/Earth          4
   e - Metabolic Englaciation         Hexes/Ice                    5
   f - Yara's Violent Unravelling     Hexes/Transmutation          5
 F - a book of Maledictions

   Spells                             Type                      Level
   a - Corona                         Hexes                        1
   b - Ensorcelled Hibernation        Hexes/Ice                    2
   c - Confuse                        Hexes                        3
   d - Tukima's Dance                 Hexes                        3
   e - Dazzling Spray                 Conjuration/Hexes            3
 N - a book of Fire

   Spells                             Type                      Level
   a - Ignite Poison                  Fire/Transmutation/Poison    3
   b - Fireball                       Conjuration/Fire             5
   c - Bolt of Fire                   Conjuration/Fire             6
   d - Ring of Flames                 Charms/Fire                  7
   e - Ignition                       Fire                         8
Miscellaneous
 M - a lamp of fire
Comestibles
 h - 7 meat rations
 H - 9 bread rations
 O - 4 fruits
 Q - a royal jelly


   Skills:
 + Level 10.1 Fighting
 + Level 1.3 Maces & Flails
 + Level 8.9 Dodging
 - Level 1.7 Stealth
 + Level 4.6 Spellcasting
 + Level 9.5 Conjurations
 + Level 9.8 Fire Magic


You couldn't memorise any spells.
You knew the following spells:

 Your Spells              Type           Power        Failure   Level  Hunger
a - Flame Tongue          Conj/Fire      #####        1%          1    None
b - Conjure Flame         Conj/Fire      #####...     1%          3    ###....
c - Sticky Flame          Conj/Fire      #####...     1%          4    ####...
d - Fireball              Conj/Fire      #####.....   1%          5    ######.
e - Ignite Poison         Fire/Tmut/Pois ###.....     3%          3    ###....
f - Stone Arrow           Conj/Erth      ###...       1%          3    ###....


Dungeon Overview and Level Annotations

Branches:
Dungeon (12/15)            Temple (0/1) D:7            Lair (0/6) D:8
    Orc (0/2) D:10

Altars:
Ashenzari
Cheibriados
Dithmenos
Elyvilon
Gozag
Hepliaklqana
Kikubaaqudgha
Makhleb
Okawaru
Trog
Vehumet
Yredelemnul
Zin
The Shining One
Beogh

Shops:
D:7 :


Innate Abilities, Weirdness & Mutations

You can breathe blasts of noxious fumes.
Your lurid green scales are hard. (AC +7)
You cannot fit into any form of body armour.
Your system is resistant to poisons. (rPois)
You are cold-blooded and may be slowed by cold attacks.
You are agile. (Dex +2)
You are resistant to hostile enchantments. (MR+)
Your muscles are strong. (Str +2)


Message History

The fire dragon is severely wounded.
The fire dragon completely misses you.
The fire dragon claws you but does no damage.
The fire dragon tramples you!
You stumble backwards!
You completely miss the fire dragon.
The fire dragon is severely wounded.
The fire dragon misses you. The fire dragon claws you.
The fire dragon completely misses you. The fire dragon bites you!
* * * LOW HITPOINT WARNING * * *
The fire dragon closely misses you. The fire dragon tramples you!
* * * LOW HITPOINT WARNING * * *
You stumble backwards!
You feel yourself speed up. The fire dragon breathes flames at you.
The blast of flame hits you! You resist.
* * * LOW HITPOINT WARNING * * *
Okay, then.
The fire dragon breathes flames at you. The blast of flame hits you!
You resist.
You die...

#########≈≈≈≈≈≈#.###########≈≈≈≈#
##≈≈≈≈##.# ##≈≈.# ##≈≈###.# ###.#
#### #.# #.# #.# #.# #D# #.# #.#
########.# #.# #......... #@#
#.######.# #.#######.######.#
#.................
#########.######.# #.# #..
#.######## #......... #.########
###


You could see a fire dragon.

Vanquished Creatures
  3 two-headed ogres
  Pikel (D:7)
  An oklob plant (D:9)
  An orc knight (D:10)
  A cyclops (D:12)
  Maurice (D:9)
  Joseph (D:7)
  The ghost of poirepourri the Chopper, a novice MiFi of Makhleb (D:5)
  A gargoyle (D:12)
  2 polar bears (D:9)
  A hippogriff (D:4)
  A spriggan (D:8)
  2 wyverns (D:9)
  A water elemental (D:12)
  A yak (D:9)
  6 fire bats (D:12)
  6 hungry ghosts
  9 orc warriors
  4 ice beasts
  A sky beast (D:8)
  An eye of draining (D:8)
  A black bear (D:6)
  A necrophage (D:5)
  A phantom (D:7)
  A wolf (D:9)
  6 ogres
  3 centaurs
  A crocodile (D:9)
  2 bullfrogs
  A wyvern zombie (D:11)
  3 scorpions
  12 killer bees
  7 wights
  6 crimson imps
  4 howler monkeys
  A bullfrog zombie (D:5)
  2 centaur zombies
  6 hounds
  2 centaur skeletons
  10 jellies
  5 orc priests
  10 orc wizards
  4 iguanas
  9 worker ants
  A killer bee zombie (D:10)
  2 hound skeletons
  A worker ant zombie (D:9)
  15 adders
  3 shadow imps (D:8)
  A white imp (D:9)
  16 oozes
  An adder zombie (D:5)
  An adder skeleton (D:6)
  6 worms
  2 dart slugs
  7 leopard geckos
  43 orcs
  2 ball pythons (D:2)
  4 bats
  8 giant cockroaches
  10 hobgoblins
  7 jackals
  8 quokkas
  11 frilled lizards
  9 goblins
  11 kobolds
  A quokka skeleton (D:5)
  8 rats
322 creatures vanquished.

Vanquished Creatures (others)
  2 slaves (D:7)
  A killer bee (D:7)
  A wight (D:7)
  An orc (D:7)
  A quokka (D:7)
  5 fungi (D:9)
11 creatures vanquished.

Grand Total: 333 creatures vanquished

Notes
Turn   | Place    | Note
-------+----------+-------------------------------------------
     0 | D:1      | skittles the Draconian Fire Elementalist began the quest for the Orb.
     0 | D:1      | Reached XP level 1. HP: 14/14 MP: 3/3
   499 | D:1      | Reached XP level 2. HP: 21/22 MP: 5/5
   590 | D:1      | Reached skill level 1 in Fighting
  1369 | D:2      | Reached XP level 3. HP: 24/28 MP: 1/6
  1651 | D:2      | Found a glowing golden altar of the Shining One.
  1901 | D:2      | Learned a level 3 spell: Conjure Flame
  2007 | D:2      | Reached XP level 4. HP: 33/36 MP: 7/7
  3265 | D:3      | Found a basalt altar of Yredelemnul.
  3339 | D:3      | Found an opulent altar of Gozag.
  3395 | D:3      | Found a bloodstained altar of Trog.
  3396 | D:3      | Found a snail-covered altar of Cheibriados.
  3396 | D:3      | Found a shattered altar of Ashenzari.
  3396 | D:3      | Found a hazy altar of Hepliaklqana.
  3396 | D:3      | Found a glowing silver altar of Zin.
  3396 | D:3      | Found an iron altar of Okawaru.
  3398 | D:3      | Found an ancient bone altar of Kikubaaqudgha.
  3399 | D:3      | Found a glowing golden altar of the Shining One.
  3401 | D:3      | Found a shadowy altar of Dithmenos.
  3473 | D:3      | Reached skill level 2 in Fighting
  3479 | D:3      | Learned a level 4 spell: Sticky Flame
  3614 | D:3      | Reached XP level 5. HP: 28/41 MP: 4/8
  3894 | D:3      | Found a white marble altar of Elyvilon.
  5006 | D:4      | Noticed a hippogriff
  5026 | D:4      | Reached XP level 6. HP: 46/50 MP: 10/10
  5033 | D:4      | Killed a hippogriff
  5033 | D:4      | Reached skill level 3 in Fighting
  5353 | D:4      | Your scales start taking on a lurid green colour.
  5353 | D:4      | Reached XP level 7. HP: 39/57 MP: 5/12
  5353 | D:4      | Gained mutation: Your system is resistant to poisons. (rPois) [Green Draconian growth]
  6091 | D:5      | Entered Level 5 of the Dungeon
  6351 | D:5      | Reached skill level 4 in Fighting
  6830 | D:5      | Noticed poirepourri's ghost (novice MiFi)
  6845 | D:5      | Killed poirepourri's ghost
  6845 | D:5      | Reached skill level 5 in Fire Magic
  6845 | D:5      | Reached XP level 8. HP: 21/67 MP: 0/14
  7300 | D:5      | Reached skill level 5 in Fighting
  7395 | D:6      | Reached skill level 5 in Conjurations
  7476 | D:6      | Found a radiant altar of Vehumet.
  7484 | D:6      | Became a worshipper of Vehumet
  7617 | D:6      | Learned a level 5 spell: Fireball
  7703 | D:6      | Reached skill level 5 in Dodging
  8017 | D:6      | Got an encrusted trident
  8018 | D:6      | Identified the cursed +0 trident of Amorality {drain, Dex+2} (You found it on level 6 of the Dungeon)
  8020 | D:6      | Gained mutation: You are resistant to hostile enchantments. (MR+) [potion of mutation]
  8020 | D:6      | Gained mutation: Your muscles are strong. (Str +2) [potion of mutation]
  8020 | D:6      | Gained mutation: You are agile. (Dex +2) [potion of mutation]
  8485 | D:7      | Reached XP level 9. HP: 57/75 MP: 8/15
  8670 | D:7      | Reached skill level 6 in Fighting
  8816 | D:7      | Noticed Joseph
  8831 | D:7      | Killed Joseph
  8831 | D:7      | Reached * piety under Vehumet
  8831 | D:7      | Offered knowledge of Sandblast by Vehumet.
  9052 | D:7      | Found Woociatt's Book Shop.
  9197 | D:7      | Noticed Pikel
  9203 | D:7      | Killed Pikel
  9203 | D:7      | Reached skill level 7 in Fighting
  9364 | D:7      | Found a staircase to the Ecumenical Temple.
  9428 | D:7      | Got an iridescent trident {flame}
  9429 | D:7      | Identified the +1 trident "Popuompi" {flame, +Fly rF- MR+ Int+9} (You took it off an orc warrior on level 7 of the Dungeon)
  9845 | D:8      | Noticed a two-headed ogre
  9854 | D:8      | Killed a two-headed ogre
  9854 | D:8      | Reached XP level 10. HP: 43/86 MP: 11/16
 10080 | D:8      | Found a staircase to the Lair.
 10199 | D:8      | Got an ancient dagger
 10200 | D:8      | Identified the +7 dagger of Rarif {antimagic, *Contam rF+ Dex+4} (You found it on level 8 of the Dungeon)
 10210 | D:8      | Noticed a two-headed ogre
 10314 | D:8      | Killed a two-headed ogre
 10314 | D:8      | Reached skill level 8 in Fighting
 10936 | D:9      | Reached ** piety under Vehumet
 10938 | D:9      | Offered knowledge of Searing Ray by Vehumet.
 11066 | D:9      | Noticed Maurice
 11077 | D:9      | Killed Maurice
 11453 | D:9      | Reached XP level 11. HP: 22/95 MP: 12/17
 11591 | D:9      | Paralysed by fainting for 11 turns
 11798 | D:9      | Noticed an oklob plant
 11806 | D:9      | Reached skill level 9 in Fighting
 12323 | D:9      | Offered knowledge of Ignite Poison by Vehumet.
 12331 | D:9      | Learned a level 3 spell: Ignite Poison
 12348 | D:9      | Killed an oklob plant
 12471 | D:10     | Entered Level 10 of the Dungeon
 12475 | D:10     | Noticed an orc knight
 12764 | D:10     | Reached *** piety under Vehumet
 12792 | D:10     | Got an iridescent quarterstaff {chaos}
 12802 | D:10     | Identified the +5 quarterstaff of Puecs {chaos, MR+} (You took it off an orc on level 10 of the Dungeon)
 13233 | D:10     | Killed an orc knight
 13300 | D:10     | Found a roughly hewn altar of Beogh.
 13300 | D:10     | Found a staircase to the Orcish Mines.
 13362 | D:10     | Found a shadowy altar of Dithmenos.
 13382 | D:10     | Offered knowledge of Dazzling Spray by Vehumet.
 14176 | D:11     | Found a shattered altar of Ashenzari.
 14638 | D:11     | Reached **** piety under Vehumet
 14716 | D:11     | Offered knowledge of Venom Bolt by Vehumet.
 15250 | D:12     | Identified the Reference Book on Lucky Earth
 15250 | D:12     | Noticed a fire dragon
 16550 | D:12     | Noticed a two-headed ogre
 16575 | D:12     | Killed a two-headed ogre
 16575 | D:12     | Reached skill level 10 in Fighting
 16575 | D:12     | Reached skill level 1 in Maces & Flails
 17035 | D:12     | Learned a level 3 spell: Stone Arrow
 17185 | D:12     | Found a burning altar of Makhleb.
 17190 | D:12     | Got an ichor-stained whip
 17191 | D:12     | Identified the +9 whip "Miowidaf" {holy, +Fly Dex+4} (You found it on level 12 of the Dungeon)
 17376 | D:12     | HP: 1/99 [fire dragon/blast of flame (16)]
 17379 | D:12     | Killed from afar by a fire dragon

Skill      XL: |  1  2  3  4  5  6  7  8  9 10 11 |
---------------+----------------------------------+-----
Fighting       | 1 2 3 4 5 7 8 10 | 10.1
Dodging        | 2 3 4 5 6 7 8 |  8.9
Conjurations   | 2 3 4 5 7 8 9 |  9.5
Spellcasting   | 3 4 |  4.6
Fire Magic     | 4 5 6 7 8 9 |  9.8
Maces & Flails | 1 |  1.3
Stealth        | |  1.7

Action                   |  1- 3 |  4- 6 |  7- 9 | 10-12 || total
-------------------------+-------+-------+-------+-------++-------
Melee: Club              |   110 |    72 |       |       ||   182
       Tailslap          |    14 |    14 |    30 |    47 ||   105
       Unarmed           |     2 |       |       |       ||     2
       Trident           |       |   118 |   424 |   456 ||   998
       Whip              |       |       |     6 |    12 ||    18
       Dagger            |       |       |       |     7 ||     7
       Quarterstaff      |       |       |       |    26 ||    26
       Great mace        |       |       |       |    21 ||    21
 Cast: Flame Tongue      |    24 |    45 |    80 |    71 ||   220
       Sticky Flame      |       |     4 |    16 |    37 ||    57
       Conjure Flame     |       |       |     9 |     3 ||    12
       Fireball          |       |       |     2 |     9 ||    11
       Stone Arrow       |       |       |       |     6 ||     6
       Ignite Poison     |       |       |       |     1 ||     1
 Abil: Breathe Noxious F |       |       |     2 |     9 ||    11
Evoke: Wand              |       |       |       |     1 ||     1
  Use: Scroll            |     4 |    10 |     3 |    10 ||    27
       Potion            |       |       |     1 |     3 ||     4
 Stab: Sleeping          |     4 |     6 |     2 |     7 ||    19
       Distracted        |       |       |     1 |     1 ||     2
       Confused          |       |       |     1 |     3 ||     4
  Eat: Chunk             |     4 |    12 |    18 |    28 ||    62
       Royal jelly       |       |       |     1 |     4 ||     5
       Fruit             |       |       |     1 |     1 ||     2
       Bread ration      |       |       |       |     1 ||     1
Armor: Skin              |    34 |    99 |   135 |   166 ||   434
Dodge: Dodged            |   100 |   144 |   266 |   545 ||  1055
       Deflected         |       |       |     3 |    10 ||    13
